Rangers vs BlackHawks

Created - March-31-14 at 17:19

Goals
1 2 3 T
Rangers 1 2 2 5
BlackHawks 1 4 2 7
Shots
1 2 3 T
Rangers 8 7 6 21
BlackHawks 6 21 14 41

1st period

1. BlackHawks , Martin Erat 22 (Dan Boyle, Jamie McGinn) at 5:40
2. Rangers , Tyler Ennis 16 (Ilya Kovalchuk) at 13:45

Penalties :
Antoine Vermette (CHI) for Interference (Minor) at 10:20, Evander Kane (CHI) for Interference (Minor) at 17:37, Craig Adams (NYR) for Slashing (Minor) at 19:48

2nd period

3. BlackHawks , Brent Burns 25 (Francis Bouillon, Nazem Kadri) at 4:57 (PP)
4. BlackHawks , Antoine Vermette 19 (Dan Boyle, Francis Bouillon) at 5:49
5. Rangers , Frans Nielsen 27 (Ilya Kovalchuk) at 6:00
6. BlackHawks , Keith Aulie 6 (Alexander Killorn, Simon Gagne) at 8:01
7. Rangers , Devin Setoguchi 11 (Lubomir Visnovsky, David Legwand) at 18:09
8. BlackHawks , Evander Kane 30 (Mike Komisarek, Nazem Kadri) at 19:17

Penalties :
Devin Setoguchi (NYR) for Hooking (Minor) at 4:13, Bryan Allen (NYR) for Holding (Minor) at 8:41, Benoit Pouliot (NYR) for Tripping (Minor) at 11:03

3rd period

9. Rangers , Mikael Backlund 17 (Alex Goligoski, Devin Setoguchi) at 2:10
10. BlackHawks , Jamie McGinn 10 (Martin Erat, Dion Phaneuf) at 8:01
11. Rangers , Vinny Prospal 9 (Bryan Allen, Alex Goligoski) at 12:52
12. BlackHawks , Brent Burns 26 (Nazem Kadri, Evander Kane) at 17:46

Penalties :
Mike Komisarek (CHI) for Holding Stick (Minor) at 5:11, Keith Aulie (CHI) for Hooking (Minor) at 9:29, Francis Bouillon (CHI) for Holding (Minor) at 10:14, Francis Bouillon (CHI) for Hooking (Minor) at 13:22

Goalie Stats

Brian Elliott (NYR), 20 saves from 23 shots - (0.870), L, 13-9-5, 31:59 minutes
Tomas Vokoun (NYR), 14 saves from 18 shots - (0.778), 28:01 minutes
Justin Peters (CHI), 16 saves from 21 shots - (0.762), W, 5-2-0, 60:00 minutes

Players Stats for Rangers

Player Name              G  A  P  +/- PIM S  H  SB GA TA FO     MP     PP MP  PK MP  
------------------------------------------------------------------------------------
Alex Goligoski           0  2  2   0  0   0  3  2  0  0  0/0    24:09   5:37   3:54 
Ben Smith                0  0  0   0  0   0  0  0  0  0  0/0     0:00   0:00   0:00 
Benoit Pouliot           0  0  0   0  2   0  2  0  0  0  0/0     6:38   0:00   0:14 
Bryan Allen              0  1  1   0  2   0  5  1  0  0  0/0    15:06   0:06   0:00 
Chris Tanev              0  0  0   0  0   1  1  1  0  0  0/0    16:13   4:57   0:00 
Craig Adams              0  0  0  -2  2   2  3  0  0  0  0/0     9:14   0:00   0:00 
David Legwand            0  1  1   0  0   0  1  1  0  0  15/27  22:11   5:12   4:34 
Devin Setoguchi          1  1  2   0  2   4  1  1  0  0  1/1    16:48   4:24   0:00 
Frans Nielsen            1  0  1   1  0   1  0  0  0  0  13/24  24:57   6:00   4:23 
Ilya Kovalchuk           0  2  2   1  0   3  1  0  0  0  0/1    20:59   0:00   0:00 
Karl Alzner              0  0  0  -1  0   0  2  4  0  0  0/0    20:39   0:00   3:54 
Kris Russell             0  0  0   0  0   0  1  2  0  0  0/0    19:11   5:31   2:47 
Lubomir Visnovsky        0  1  1  -1  0   1  0  0  0  0  0/0    24:41   5:09   2:47 
Mikael Backlund          1  0  1   0  0   3  0  0  0  0  3/3    16:49   4:24   0:00 
Sean Couturier           0  0  0   0  0   0  1  0  0  0  4/9    12:41   6:16   0:00 
Tyler Ennis              1  0  1   1  0   2  0  0  0  0  3/9    20:50   4:24   1:52 
Ville Leino              0  0  0  -2  0   1  0  0  0  0  0/0     9:15   0:00   0:00 
Vinny Prospal            1  0  1  -2  0   3  1  0  0  0  8/16   12:54   1:20   2:19 

Players Stats for BlackHawks

Player Name              G  A  P  +/- PIM S  H  SB GA TA FO     MP     PP MP  PK MP  
------------------------------------------------------------------------------------
Alexander Killorn        0  1  1   0  0   1  2  0  0  0  5/18   12:25   0:00   0:20 
Antoine Vermette         1  0  1   2  2   5  0  0  0  0  16/26  20:16   3:03   3:37 
Brent Burns              2  0  2  -1  0   2  1  0  0  0  0/1    17:56   3:38   0:45 
Bryan Bickell            0  0  0   0  0   2  0  0  0  0  0/0     4:03   0:00   0:00 
Chris Neil               0  0  0   0  0   0  0  0  0  0  0/0     4:03   0:00   0:00 
Dan Boyle                0  2  2   2  0   8  0  0  0  0  0/0    24:58   4:10   5:28 
Dion Phaneuf             0  1  1  -1  0   0  5  0  0  0  0/0    26:59   4:24   5:30 
Evander Kane             1  1  2  -1  2   3  5  0  0  0  2/5    16:31   3:38   0:00 
Francis Bouillon         0  2  2   1  4   2  4  0  0  0  0/0    20:04   2:31   3:36 
Jamie McGinn             1  1  2   2  0   2  3  0  0  0  1/1    19:03   0:00   5:26 
Jay McClement            0  0  0   0  0   1  1  1  0  0  8/17   10:09   0:00   6:06 
Keith Aulie              1  0  1   0  2   1  1  0  0  0  0/0    16:57   1:38   1:33 
Martin Erat              1  1  2   2  0   2  0  0  0  0  1/1    20:40   3:03   4:00 
Mike Komisarek           0  1  1  -1  2   0  1  0  0  0  0/0    18:46   0:00   4:27 
Nathan Horton            0  0  0   0  0   6  1  0  0  0  1/2    15:08   3:03   0:00 
Nazem Kadri              0  3  3  -1  0   6  1  0  0  0  9/18   17:09   3:38   0:37 
Radko Gudas              0  0  0   1  0   0  0  0  0  0  0/0    10:48   0:39   0:00 
Simon Gagne              0  1  1   0  0   0  0  0  0  0  0/1    12:05   0:00   0:00 

3 Stars

1 - Jamie McGinn (CHI)
2 - Martin Erat (CHI)
3 - Brent Burns (CHI)

Power Play

Rangers - 0 on 6 Attempt(s) - 0.00%
BlackHawks - 1 on 4 Attempt(s) - 25.00%

Penalty Kill

Rangers - 3 on 4 Attempt(s) - 75.00% - Score 0 goal in Penalty Kill
BlackHawks - 6 on 6 Attempt(s) - 100.00% - Score 0 goal in Penalty Kill

Official

Referees : Dennis LaRue and Steve Kozari
Linesman : Andy McElman and Brad Kovachik

Game Notes

Brian Elliott enters game at 8:01 of 2nd period
Radko Gudas is injured at 1:37 of 3rd period (Right Knee)

Finance

Level 1 -- Attendance: 3493 (53.74%) -- Ticket Income $523,950
Level 2 -- Attendance: 2858 (57.16%) -- Ticket Income $320,096
Level 3 -- Attendance: 1828 (52.23%) -- Ticket Income $146,240
Level 4 -- Attendance: 1537 (34.16%) -- Ticket Income $87,609
Luxury Box -- Attendance: 638 (63.80%) -- Ticket Income $191,400
Game was played at the United Center
Total Attendance: 10354 (50.51%)
Total Ticket Income: $1,269,295
Other Income: $190,394
Total Income: $1,459,689


% Time on Ice - Rangers

Lines # - Real PCT - Wanted PCT - Time Play
Normal Forward
1 - 34% - 40% - 14:34
2 - 29% - 30% - 12:25
3 - 15% - 20% - 6:25
4 - 22% - 10% - 9:15
Normal Defense
1 - 37% - 40% - 15:55
2 - 35% - 30% - 15:01
3 - 26% - 20% - 10:53
4 - 2% - 10% - 0:50
PP Forward
1 - 59% - 60% - 6:16
2 - 41% - 40% - 4:24
PP Defense
1 - 48% - 60% - 5:09
2 - 52% - 40% - 5:31
PK Forward
1 - 72% - 60% - 4:49
2 - 28% - 40% - 1:52
PK Defense
1 - 58% - 60% - 3:54
2 - 42% - 40% - 2:47
PK3 Forward
1 - 0% - 60%
2 - 0% - 40%
PK3 Defense
1 - 0% - 60%
2 - 0% - 40%
44 Forward
1 - 0% - 60%
2 - 0% - 40%
44 Defense
1 - 0% - 60%
2 - 0% - 40%
Last Minute Offensive  - 0:00
Last Minute Defensive  - 0:00
Total
Forward - 60:00
Defense - 60:00

% Time on Ice - BlackHawks

Lines # - Real PCT - Wanted PCT - Time Play
Normal Forward
1 - 30% - 32% - 12:54
2 - 32% - 31% - 13:37
3 - 28% - 27% - 12:05
4 - 9% - 10% - 4:03
Normal Defense
1 - 34% - 35% - 14:20
2 - 33% - 32% - 13:58
3 - 32% - 23% - 13:47
4 - 1% - 10% - 0:34
PP Forward
1 - 54% - 55% - 3:38
2 - 46% - 45% - 3:03
PP Defense
1 - 62% - 55% - 4:10
2 - 38% - 45% - 2:31
PK Forward
1 - 58% - 55% - 5:26
2 - 42% - 45% - 4:00
PK Defense
1 - 61% - 55% - 5:45
2 - 39% - 45% - 3:41
PK3 Forward
1 - 54% - 50% - 0:40
2 - 46% - 50% - 0:34
PK3 Defense
1 - 32% - 55% - 0:24
2 - 68% - 45% - 0:50
44 Forward
1 - 0% - 55%
2 - 0% - 45%
44 Defense
1 - 0% - 55%
2 - 0% - 45%
Last Minute Offensive  - 0:00
Last Minute Defensive  - 0:00
Total
Forward - 60:00
Defense - 60:00

Play by Play

1st period


0:01 of 1st period - Frans Nielsen wins face-off versus Evander Kane in neutral zone.
0:03 of 1st period - Off-side.
0:04 of 1st period - David Legwand wins face-off versus Antoine Vermette in neutral zone.
0:23 of 1st period - Shot by Antoine Vermette.
0:23 of 1st period - Deflect By Martin Erat.
0:23 of 1st period - Shot Misses the Net.
0:25 of 1st period - Shot by Francis Bouillon.
0:25 of 1st period - Stopped by Tomas Vokoun without a rebound.
0:26 of 1st period - Frans Nielsen wins face-off versus Alexander Killorn in Rangers zone.
1:38 of 1st period - Off-side.
1:39 of 1st period - David Legwand wins face-off versus Nazem Kadri in neutral zone.
1:39 of 1st period - David Legwand is hit by Evander Kane.
1:46 of 1st period - David Legwand is hit by Mike Komisarek and loses puck.
2:20 of 1st period - Shot by Mikael Backlund.
2:20 of 1st period - Shot Misses the Net.
2:22 of 1st period - Shot by David Legwand.
2:22 of 1st period - Shot Hit the Post.
2:40 of 1st period - Ilya Kovalchuk is hit by Dion Phaneuf and loses puck.
3:15 of 1st period - Shot by Dan Boyle.
3:15 of 1st period - Stopped by Tomas Vokoun without a rebound.
3:16 of 1st period - Vinny Prospal wins face-off versus Jay McClement in Rangers zone.
3:57 of 1st period - Icing by Jay McClement.
3:58 of 1st period - David Legwand wins face-off versus Jay McClement in BlackHawks zone.
4:12 of 1st period - Off-side.
4:13 of 1st period - Antoine Vermette wins face-off versus Frans Nielsen in neutral zone.
4:46 of 1st period - Shot by Martin Erat.
4:46 of 1st period - Shot Blocked by Chris Tanev.
4:49 of 1st period - Icing by Kris Russell.
4:50 of 1st period - Frans Nielsen wins face-off versus Nazem Kadri in Rangers zone.
5:24 of 1st period - Shot by Evander Kane.
5:24 of 1st period - Stopped by Tomas Vokoun without a rebound.
5:25 of 1st period - Vinny Prospal wins face-off versus Alexander Killorn in Rangers zone.
5:27 of 1st period - Icing by Alex Goligoski.
5:28 of 1st period - Antoine Vermette wins face-off versus Vinny Prospal in Rangers zone.
5:40 of 1st period - Shot by Martin Erat.
5:40 of 1st period - Goal by Martin Erat - Rangers : 0 - BlackHawks : 1.
5:41 of 1st period - David Legwand wins face-off versus Alexander Killorn in neutral zone.
5:51 of 1st period - Dan Boyle is hit by Devin Setoguchi and loses puck.
5:58 of 1st period - Shot by Simon Gagne.
5:58 of 1st period - Shot Misses the Net.
6:00 of 1st period - Shot by Nathan Horton.
6:00 of 1st period - Stopped by Tomas Vokoun without a rebound.
6:01 of 1st period - Frans Nielsen wins face-off versus Antoine Vermette in Rangers zone.
6:01 of 1st period - Ilya Kovalchuk is hit by Jamie McGinn and loses puck.
6:18 of 1st period - Shot by Ilya Kovalchuk.
6:18 of 1st period - Shot Misses the Net.
6:24 of 1st period - Shot by Ilya Kovalchuk.
6:24 of 1st period - Stopped by Justin Peters without a rebound.
6:25 of 1st period - Mikael Backlund wins face-off versus Alexander Killorn in BlackHawks zone.
6:34 of 1st period - Shot by Devin Setoguchi.
6:34 of 1st period - Shot Misses the Net.
6:40 of 1st period - David Legwand is hit by Alexander Killorn and loses puck.
6:55 of 1st period - Shot by Nathan Horton.
6:55 of 1st period - Shot Misses the Net.
6:57 of 1st period - Shot by Simon Gagne.
6:57 of 1st period - Shot Misses the Net.
6:59 of 1st period - Shot by Dion Phaneuf.
6:59 of 1st period - Shot Misses the Net.
7:01 of 1st period - Shot by Nathan Horton.
7:01 of 1st period - Deflect By Alexander Killorn.
7:01 of 1st period - Stopped by Tomas Vokoun with a rebound.
7:03 of 1st period - Shot by Mike Komisarek.
7:03 of 1st period - Shot Misses the Net.
7:05 of 1st period - Shot by Simon Gagne.
7:05 of 1st period - Shot Misses the Net.
7:07 of 1st period - Shot by Dion Phaneuf.
7:07 of 1st period - Shot Blocked by Karl Alzner.
7:22 of 1st period - Icing by Dan Boyle.
7:23 of 1st period - Nazem Kadri wins face-off versus Frans Nielsen in BlackHawks zone.
7:23 of 1st period - Nazem Kadri is hit by Bryan Allen.
8:23 of 1st period - Shot by Antoine Vermette.
8:23 of 1st period - Shot Misses the Net.
8:40 of 1st period - Shot by Craig Adams.
8:40 of 1st period - Stopped by Justin Peters without a rebound.
8:41 of 1st period - David Legwand wins face-off versus Alexander Killorn in BlackHawks zone.
9:04 of 1st period - Shot by David Legwand.
9:04 of 1st period - Shot Misses the Net.
9:18 of 1st period - Shot by Devin Setoguchi.
9:18 of 1st period - Stopped by Justin Peters without a rebound.
9:19 of 1st period - Sean Couturier wins face-off versus Antoine Vermette in BlackHawks zone.
9:19 of 1st period - Sean Couturier is hit by Francis Bouillon.
9:39 of 1st period - Shot by Benoit Pouliot.
9:39 of 1st period - Shot Misses the Net.
9:41 of 1st period - Shot by Sean Couturier.
9:41 of 1st period - Deflect By Ilya Kovalchuk.
9:41 of 1st period - Stopped by Justin Peters without a rebound.
9:42 of 1st period - Evander Kane wins face-off versus Vinny Prospal in BlackHawks zone.
9:42 of 1st period - Brent Burns is hit by Craig Adams and loses puck.
10:13 of 1st period - Shot by Brent Burns.
10:13 of 1st period - Shot Misses the Net.
10:16 of 1st period - Icing by Bryan Allen.
10:17 of 1st period - Vinny Prospal wins face-off versus Antoine Vermette in Rangers zone.
10:17 of 1st period - Vinny Prospal is hit by Jamie McGinn.
10:20 of 1st period - Minor Penalty to Antoine Vermette for Interference.
10:21 of 1st period - Jay McClement wins face-off versus Frans Nielsen in BlackHawks zone.
10:27 of 1st period - Icing by Sean Couturier.
10:28 of 1st period - Frans Nielsen wins face-off versus Jay McClement in Rangers zone.
11:33 of 1st period - Tyler Ennis is hit by Nazem Kadri and loses puck.
12:20 of 1st period - Icing by Sean Couturier.
12:21 of 1st period - Vinny Prospal wins face-off versus Nazem Kadri in Rangers zone.
12:30 of 1st period - Shot by Ville Leino.
12:30 of 1st period - Stopped by Justin Peters with a rebound.
12:33 of 1st period - Icing by Radko Gudas.
12:34 of 1st period - Evander Kane wins face-off versus Vinny Prospal in BlackHawks zone.
12:51 of 1st period - Shot by Nazem Kadri.
12:51 of 1st period - Shot Misses the Net.
13:40 of 1st period - Mike Komisarek is hit by Ilya Kovalchuk and loses puck.
13:45 of 1st period - Shot by Tyler Ennis.
13:45 of 1st period - Goal by Tyler Ennis - Rangers : 1 - BlackHawks : 1.
13:46 of 1st period - David Legwand wins face-off versus Alexander Killorn in neutral zone.
13:55 of 1st period - Shot by Mikael Backlund.
13:55 of 1st period - Shot Misses the Net.
14:11 of 1st period - Shot by Devin Setoguchi.
14:11 of 1st period - Stopped by Justin Peters without a rebound.
14:12 of 1st period - Antoine Vermette wins face-off versus Frans Nielsen in BlackHawks zone.
15:34 of 1st period - Icing by Francis Bouillon.
15:35 of 1st period - Alexander Killorn wins face-off versus David Legwand in BlackHawks zone.
15:59 of 1st period - Mikael Backlund is hit by Francis Bouillon and loses puck.
17:37 of 1st period - Minor Penalty to Evander Kane for Interference.
17:38 of 1st period - Jay McClement wins face-off versus Frans Nielsen in BlackHawks zone.
17:56 of 1st period - Sean Couturier is hit by Francis Bouillon and loses puck.
18:40 of 1st period - Shot by Tyler Ennis.
18:40 of 1st period - Stopped by Justin Peters without a rebound.
18:41 of 1st period - Devin Setoguchi wins face-off versus Antoine Vermette in BlackHawks zone.
18:53 of 1st period - Icing by Tyler Ennis.
18:54 of 1st period - Tyler Ennis wins face-off versus Jay McClement in Rangers zone.
19:45 of 1st period - Shot by Alexander Killorn.
19:45 of 1st period - Shot Blocked by Alex Goligoski.
19:48 of 1st period - Minor Penalty to Craig Adams for Slashing.
19:49 of 1st period - David Legwand wins face-off versus Brent Burns in Rangers zone.
19:49 of 1st period - David Legwand is hit by Evander Kane.
Goals for this period are 1 for Rangers vs 1 for BlackHawks.
Shots for this period are 8 for Rangers vs 6 for BlackHawks.

2nd period


0:01 of 2nd period - Nazem Kadri wins face-off versus David Legwand in neutral zone.
0:08 of 2nd period - Shot by Dan Boyle.
0:08 of 2nd period - Stopped by Tomas Vokoun without a rebound.
0:09 of 2nd period - Nazem Kadri wins face-off versus David Legwand in Rangers zone.
0:29 of 2nd period - Icing by Dan Boyle.
0:30 of 2nd period - Nazem Kadri wins face-off versus David Legwand in BlackHawks zone.
0:36 of 2nd period - Icing by Evander Kane.
0:37 of 2nd period - David Legwand wins face-off versus Nazem Kadri in BlackHawks zone.
0:54 of 2nd period - Karl Alzner is hit by Evander Kane and loses puck.
1:55 of 2nd period - Shot by Jay McClement.
1:55 of 2nd period - Deflect By Bryan Bickell.
1:55 of 2nd period - Stopped by Tomas Vokoun without a rebound.
1:56 of 2nd period - Jay McClement wins face-off versus Sean Couturier in Rangers zone.
2:28 of 2nd period - Shot by Ilya Kovalchuk.
2:28 of 2nd period - Stopped by Justin Peters without a rebound.
2:29 of 2nd period - Antoine Vermette wins face-off versus Vinny Prospal in BlackHawks zone.
2:29 of 2nd period - Antoine Vermette is hit by Craig Adams.
4:13 of 2nd period - Minor Penalty to Devin Setoguchi for Hooking.
4:14 of 2nd period - Antoine Vermette wins face-off versus David Legwand in Rangers zone.
4:21 of 2nd period - Shot by Dan Boyle.
4:21 of 2nd period - Shot Blocked by Karl Alzner.
4:23 of 2nd period - Shot by Dion Phaneuf.
4:23 of 2nd period - Deflect By Nathan Horton.
4:23 of 2nd period - Shot Misses the Net.
4:39 of 2nd period - Shot by Dan Boyle.
4:39 of 2nd period - Stopped by Tomas Vokoun without a rebound.
4:40 of 2nd period - Nazem Kadri wins face-off versus David Legwand in Rangers zone.
4:47 of 2nd period - Shot by Evander Kane.
4:47 of 2nd period - Shot Misses the Net.
4:49 of 2nd period - Shot by Nazem Kadri.
4:49 of 2nd period - Shot Misses the Net.
4:51 of 2nd period - Shot by Brent Burns.
4:51 of 2nd period - Shot Misses the Net.
4:53 of 2nd period - Shot by Nazem Kadri.
4:53 of 2nd period - Shot Misses the Net.
4:55 of 2nd period - Shot by Francis Bouillon.
4:55 of 2nd period - Stopped by Tomas Vokoun with a rebound.
4:57 of 2nd period - Shot by Brent Burns.
4:57 of 2nd period - Goal by Brent Burns - Rangers : 1 - BlackHawks : 2.
4:58 of 2nd period - Sean Couturier wins face-off versus Alexander Killorn in neutral zone.
4:58 of 2nd period - Benoit Pouliot is hit by Alexander Killorn and loses puck.
5:03 of 2nd period - Shot by Nathan Horton.
5:03 of 2nd period - Stopped by Tomas Vokoun with a rebound.
5:21 of 2nd period - Shot by Nathan Horton.
5:21 of 2nd period - Shot Misses the Net.
5:23 of 2nd period - Shot by Nathan Horton.
5:23 of 2nd period - Stopped by Tomas Vokoun without a rebound.
5:24 of 2nd period - Antoine Vermette wins face-off versus David Legwand in Rangers zone.
5:35 of 2nd period - Shot by Dan Boyle.
5:35 of 2nd period - Stopped by Tomas Vokoun with a rebound.
5:37 of 2nd period - Shot by Jamie McGinn.
5:37 of 2nd period - Shot Blocked by David Legwand.
5:49 of 2nd period - Shot by Antoine Vermette.
5:49 of 2nd period - Goal by Antoine Vermette - Rangers : 1 - BlackHawks : 3.
5:50 of 2nd period - Tyler Ennis wins face-off versus Evander Kane in neutral zone.
5:50 of 2nd period - Tyler Ennis is hit by Evander Kane.
5:53 of 2nd period - Off-side.
5:54 of 2nd period - Nazem Kadri wins face-off versus Frans Nielsen in neutral zone.
6:00 of 2nd period - Shot by Frans Nielsen.
6:00 of 2nd period - Goal by Frans Nielsen - Rangers : 2 - BlackHawks : 3.
6:01 of 2nd period - Antoine Vermette wins face-off versus Ilya Kovalchuk in neutral zone.
6:06 of 2nd period - Shot by Jamie McGinn.
6:06 of 2nd period - Stopped by Tomas Vokoun with a rebound.
6:08 of 2nd period - Shot by Antoine Vermette.
6:08 of 2nd period - Shot Misses the Net.
6:10 of 2nd period - Shot by Antoine Vermette.
6:10 of 2nd period - Stopped by Tomas Vokoun without a rebound.
6:11 of 2nd period - Frans Nielsen wins face-off versus Nazem Kadri in Rangers zone.
7:23 of 2nd period - Shot by Mikael Backlund.
7:23 of 2nd period - Stopped by Justin Peters without a rebound.
7:24 of 2nd period - Alexander Killorn wins face-off versus Vinny Prospal in BlackHawks zone.
7:44 of 2nd period - Nathan Horton is hit by Chris Tanev and loses puck.
8:01 of 2nd period - Shot by Keith Aulie.
8:01 of 2nd period - Goal by Keith Aulie - Rangers : 2 - BlackHawks : 4.
8:01 of 2nd period - Brian Elliott enters game.
8:02 of 2nd period - Antoine Vermette wins face-off versus David Legwand in neutral zone.
8:18 of 2nd period - Antoine Vermette is hit by Bryan Allen and loses puck.
8:40 of 2nd period - Shot by Martin Erat.
8:40 of 2nd period - Shot Misses the Net.
8:41 of 2nd period - Minor Penalty to Bryan Allen for Holding.
8:42 of 2nd period - Nazem Kadri wins face-off versus David Legwand in Rangers zone.
9:39 of 2nd period - Keith Aulie is hit by David Legwand and loses puck.
10:48 of 2nd period - Shot by Bryan Bickell.
10:48 of 2nd period - Stopped by Brian Elliott with a rebound.
10:51 of 2nd period - Icing by Chris Tanev.
10:52 of 2nd period - Jay McClement wins face-off versus Sean Couturier in Rangers zone.
11:03 of 2nd period - Minor Penalty to Benoit Pouliot for Tripping.
11:04 of 2nd period - Antoine Vermette wins face-off versus David Legwand in Rangers zone.
11:07 of 2nd period - Shot by Dion Phaneuf.
11:07 of 2nd period - Shot Misses the Net.
12:11 of 2nd period - Shot by Dan Boyle.
12:11 of 2nd period - Stopped by Brian Elliott with a rebound.
12:13 of 2nd period - Shot by Dan Boyle.
12:13 of 2nd period - Shot Blocked by Kris Russell.
12:15 of 2nd period - Shot by Nazem Kadri.
12:15 of 2nd period - Stopped by Brian Elliott with a rebound.
12:17 of 2nd period - Shot by Keith Aulie.
12:17 of 2nd period - Shot Misses the Net.
12:19 of 2nd period - Shot by Brent Burns.
12:19 of 2nd period - Deflect By Nazem Kadri.
12:19 of 2nd period - Stopped by Brian Elliott without a rebound.
12:20 of 2nd period - Antoine Vermette wins face-off versus Tyler Ennis in Rangers zone.
12:25 of 2nd period - Shot by Radko Gudas.
12:25 of 2nd period - Shot Blocked by Karl Alzner.
13:06 of 2nd period - Shot by Chris Neil.
13:06 of 2nd period - Shot Blocked by Kris Russell.
13:22 of 2nd period - Shot by Benoit Pouliot.
13:22 of 2nd period - Deflect By Ilya Kovalchuk.
13:22 of 2nd period - Shot Misses the Net.
13:25 of 2nd period - Ilya Kovalchuk is hit by Dion Phaneuf and loses puck.
13:54 of 2nd period - Shot by Vinny Prospal.
13:54 of 2nd period - Shot Blocked by Jay McClement.
14:01 of 2nd period - Vinny Prospal is hit by Dion Phaneuf and loses puck.
14:07 of 2nd period - Icing by Dion Phaneuf.
14:08 of 2nd period - Jay McClement wins face-off versus Frans Nielsen in BlackHawks zone.
14:25 of 2nd period - Shot by Nazem Kadri.
14:25 of 2nd period - Stopped by Brian Elliott with a rebound.
14:27 of 2nd period - Shot by Radko Gudas.
14:27 of 2nd period - Shot Blocked by Alex Goligoski.
15:27 of 2nd period - Shot by Jamie McGinn.
15:27 of 2nd period - Shot Blocked by Karl Alzner.
15:29 of 2nd period - Shot by Antoine Vermette.
15:29 of 2nd period - Shot Misses the Net.
15:31 of 2nd period - Shot by Dan Boyle.
15:31 of 2nd period - Shot Misses the Net.
15:33 of 2nd period - Shot by Jamie McGinn.
15:33 of 2nd period - Shot Blocked by Devin Setoguchi.
15:58 of 2nd period - Off-side.
15:59 of 2nd period - Vinny Prospal wins face-off versus Alexander Killorn in neutral zone.
16:02 of 2nd period - Shot by Ville Leino.
16:02 of 2nd period - Shot Misses the Net.
16:04 of 2nd period - Shot by Chris Tanev.
16:04 of 2nd period - Stopped by Justin Peters with a rebound.
16:06 of 2nd period - Shot by Vinny Prospal.
16:06 of 2nd period - Shot Misses the Net.
16:31 of 2nd period - Shot by Ville Leino.
16:31 of 2nd period - Shot Misses the Net.
16:33 of 2nd period - Shot by Vinny Prospal.
16:33 of 2nd period - Stopped by Justin Peters with a rebound.
16:35 of 2nd period - Shot by Craig Adams.
16:35 of 2nd period - Stopped by Justin Peters without a rebound.
16:36 of 2nd period - Tyler Ennis wins face-off versus Evander Kane in BlackHawks zone.
16:55 of 2nd period - Frans Nielsen is hit by Dion Phaneuf and loses puck.
16:58 of 2nd period - Shot by Frans Nielsen.
16:58 of 2nd period - Shot Misses the Net.
17:42 of 2nd period - Shot by Antoine Vermette.
17:42 of 2nd period - Stopped by Brian Elliott without a rebound.
17:43 of 2nd period - David Legwand wins face-off versus Alexander Killorn in Rangers zone.
17:43 of 2nd period - David Legwand is hit by Nathan Horton.
17:56 of 2nd period - David Legwand is hit by Francis Bouillon and loses puck.
18:09 of 2nd period - Shot by Devin Setoguchi.
18:09 of 2nd period - Goal by Devin Setoguchi - Rangers : 3 - BlackHawks : 4.
18:10 of 2nd period - Vinny Prospal wins face-off versus Antoine Vermette in neutral zone.
18:13 of 2nd period - Radko Gudas is hit by Craig Adams and loses puck.
18:52 of 2nd period - Shot by Antoine Vermette.
18:52 of 2nd period - Stopped by Brian Elliott without a rebound.
18:53 of 2nd period - Alexander Killorn wins face-off versus David Legwand in Rangers zone.
18:53 of 2nd period - Dan Boyle is hit by Karl Alzner.
18:57 of 2nd period - Shot by Nathan Horton.
18:57 of 2nd period - Shot Hit the Post.
18:59 of 2nd period - Shot by Nathan Horton.
18:59 of 2nd period - Stopped by Brian Elliott without a rebound.
19:00 of 2nd period - Frans Nielsen wins face-off versus Nazem Kadri in Rangers zone.
19:17 of 2nd period - Shot by Evander Kane.
19:17 of 2nd period - Goal by Evander Kane - Rangers : 3 - BlackHawks : 5.
19:18 of 2nd period - David Legwand wins face-off versus Simon Gagne in neutral zone.
19:22 of 2nd period - Icing by Dan Boyle.
19:23 of 2nd period - Alexander Killorn wins face-off versus Frans Nielsen in BlackHawks zone.
Goals for this period are 2 for Rangers vs 4 for BlackHawks.
Shots for this period are 7 for Rangers vs 21 for BlackHawks.

3rd period


0:01 of 3rd period - Frans Nielsen wins face-off versus Antoine Vermette in neutral zone.
0:10 of 3rd period - Tyler Ennis is hit by Jamie McGinn and loses puck.
1:16 of 3rd period - Shot by Dan Boyle.
1:16 of 3rd period - Stopped by Brian Elliott without a rebound.
1:17 of 3rd period - Vinny Prospal wins face-off versus Alexander Killorn in Rangers zone.
1:36 of 3rd period - Radko Gudas is hit by Vinny Prospal and loses puck.
1:37 of 3rd period - Radko Gudas from BlackHawks is injured at 1:37 of 3rd period (Right Knee).
1:38 of 3rd period - David Legwand wins face-off versus Nazem Kadri in neutral zone.
2:10 of 3rd period - Shot by Mikael Backlund.
2:10 of 3rd period - Goal by Mikael Backlund - Rangers : 4 - BlackHawks : 5.
2:11 of 3rd period - Sean Couturier wins face-off versus Antoine Vermette in neutral zone.
2:22 of 3rd period - Mike Komisarek is hit by Benoit Pouliot and loses puck.
3:25 of 3rd period - Shot by Dan Boyle.
3:25 of 3rd period - Stopped by Brian Elliott without a rebound.
3:26 of 3rd period - David Legwand wins face-off versus Nazem Kadri in Rangers zone.
3:26 of 3rd period - David Legwand is hit by Brent Burns.
3:35 of 3rd period - Nazem Kadri is hit by Alex Goligoski and loses puck.
4:14 of 3rd period - Icing by Bryan Allen.
4:15 of 3rd period - David Legwand wins face-off versus Nathan Horton in Rangers zone.
5:11 of 3rd period - Minor Penalty to Mike Komisarek for Holding Stick.
5:12 of 3rd period - Frans Nielsen wins face-off versus Jay McClement in BlackHawks zone.
6:43 of 3rd period - Shot by Lubomir Visnovsky.
6:43 of 3rd period - Deflect By Devin Setoguchi.
6:43 of 3rd period - Stopped by Justin Peters without a rebound.
6:44 of 3rd period - Antoine Vermette wins face-off versus Vinny Prospal in BlackHawks zone.
6:59 of 3rd period - Shot by Lubomir Visnovsky.
6:59 of 3rd period - Stopped by Justin Peters without a rebound.
7:00 of 3rd period - Jay McClement wins face-off versus Tyler Ennis in BlackHawks zone.
7:51 of 3rd period - Shot by Nathan Horton.
7:51 of 3rd period - Stopped by Brian Elliott without a rebound.
7:52 of 3rd period - Jamie McGinn wins face-off versus Vinny Prospal in Rangers zone.
7:59 of 3rd period - Shot by Martin Erat.
7:59 of 3rd period - Stopped by Brian Elliott with a rebound.
8:01 of 3rd period - Shot by Jamie McGinn.
8:01 of 3rd period - Goal by Jamie McGinn - Rangers : 4 - BlackHawks : 6.
8:02 of 3rd period - David Legwand wins face-off versus Antoine Vermette in neutral zone.
8:07 of 3rd period - Shot by Kris Russell.
8:07 of 3rd period - Shot Misses the Net.
8:24 of 3rd period - Martin Erat is hit by Kris Russell and loses puck.
8:27 of 3rd period - Shot by Antoine Vermette.
8:27 of 3rd period - Stopped by Brian Elliott without a rebound.
8:28 of 3rd period - Nazem Kadri wins face-off versus Sean Couturier in Rangers zone.
8:28 of 3rd period - Dan Boyle is hit by Alex Goligoski and loses puck.
8:32 of 3rd period - Nazem Kadri is hit by Bryan Allen and loses puck.
8:35 of 3rd period - Shot by Nazem Kadri.
8:35 of 3rd period - Stopped by Brian Elliott without a rebound.
8:36 of 3rd period - Sean Couturier wins face-off versus Nazem Kadri in Rangers zone.
8:36 of 3rd period - Sean Couturier is hit by Evander Kane.
8:43 of 3rd period - Evander Kane is hit by Alex Goligoski and loses puck.
8:52 of 3rd period - Shot by Nazem Kadri.
8:52 of 3rd period - Shot Misses the Net.
9:08 of 3rd period - Shot by Nazem Kadri.
9:08 of 3rd period - Stopped by Brian Elliott without a rebound.
9:09 of 3rd period - Mikael Backlund wins face-off versus Antoine Vermette in Rangers zone.
9:22 of 3rd period - Shot by Mikael Backlund.
9:22 of 3rd period - Stopped by Justin Peters without a rebound.
9:23 of 3rd period - Frans Nielsen wins face-off versus Alexander Killorn in BlackHawks zone.
9:23 of 3rd period - Ilya Kovalchuk is hit by Keith Aulie and loses puck.
9:29 of 3rd period - Minor Penalty to Keith Aulie for Hooking.
9:30 of 3rd period - Frans Nielsen wins face-off versus Jay McClement in BlackHawks zone.
10:07 of 3rd period - Shot by Alex Goligoski.
10:07 of 3rd period - Shot Misses the Net.
10:14 of 3rd period - Minor Penalty to Francis Bouillon for Holding.
10:15 of 3rd period - Jay McClement wins face-off versus Tyler Ennis in BlackHawks zone.
11:17 of 3rd period - Shot by David Legwand.
11:17 of 3rd period - Shot Misses the Net.
11:53 of 3rd period - Shot by Chris Tanev.
11:53 of 3rd period - Shot Misses the Net.
12:22 of 3rd period - Off-side.
12:23 of 3rd period - Nazem Kadri wins face-off versus Vinny Prospal in neutral zone.
12:43 of 3rd period - Shot by Vinny Prospal.
12:43 of 3rd period - Stopped by Justin Peters with a rebound.
12:52 of 3rd period - Shot by Vinny Prospal.
12:52 of 3rd period - Goal by Vinny Prospal - Rangers : 5 - BlackHawks : 6.
12:53 of 3rd period - Martin Erat wins face-off versus Sean Couturier in neutral zone.
13:04 of 3rd period - Shot by Dan Boyle.
13:04 of 3rd period - Stopped by Brian Elliott with a rebound.
13:10 of 3rd period - Jamie McGinn is hit by Benoit Pouliot and loses puck.
13:22 of 3rd period - Minor Penalty to Francis Bouillon for Hooking.
13:23 of 3rd period - Frans Nielsen wins face-off versus Jay McClement in BlackHawks zone.
13:33 of 3rd period - Icing by Kris Russell.
13:34 of 3rd period - Frans Nielsen wins face-off versus Jay McClement in Rangers zone.
13:34 of 3rd period - Frans Nielsen is hit by Jay McClement.
14:01 of 3rd period - Icing by Alex Goligoski.
14:02 of 3rd period - Antoine Vermette wins face-off versus Frans Nielsen in Rangers zone.
14:54 of 3rd period - Shot by Jay McClement.
14:54 of 3rd period - Stopped by Brian Elliott without a rebound.
14:55 of 3rd period - Antoine Vermette wins face-off versus Tyler Ennis in Rangers zone.
15:05 of 3rd period - Icing by Chris Tanev.
15:06 of 3rd period - Jay McClement wins face-off versus Tyler Ennis in Rangers zone.
15:14 of 3rd period - Icing by Chris Tanev.
15:15 of 3rd period - Mikael Backlund wins face-off versus Jay McClement in Rangers zone.
15:38 of 3rd period - Shot by Nazem Kadri.
15:38 of 3rd period - Stopped by Brian Elliott without a rebound.
15:39 of 3rd period - Alexander Killorn wins face-off versus Frans Nielsen in Rangers zone.
15:57 of 3rd period - Nathan Horton is hit by Karl Alzner.
16:14 of 3rd period - Icing by Ilya Kovalchuk.
16:15 of 3rd period - Antoine Vermette wins face-off versus Frans Nielsen in Rangers zone.
16:35 of 3rd period - Lubomir Visnovsky is hit by Dion Phaneuf and loses puck.
16:43 of 3rd period - Icing by Dion Phaneuf.
16:44 of 3rd period - Antoine Vermette wins face-off versus David Legwand in BlackHawks zone.
16:54 of 3rd period - Dion Phaneuf is hit by Bryan Allen and loses puck.
17:22 of 3rd period - Dan Boyle is hit by Bryan Allen.
17:40 of 3rd period - Shot by Nazem Kadri.
17:40 of 3rd period - Shot Blocked by Bryan Allen.
17:42 of 3rd period - Shot by Brent Burns.
17:42 of 3rd period - Shot Misses the Net.
17:44 of 3rd period - Shot by Nazem Kadri.
17:44 of 3rd period - Deflect By Evander Kane.
17:44 of 3rd period - Stopped by Brian Elliott with a rebound.
17:46 of 3rd period - Shot by Nazem Kadri.
17:46 of 3rd period - Deflect By Brent Burns.
17:46 of 3rd period - Goal by Brent Burns - Rangers : 5 - BlackHawks : 7.
17:47 of 3rd period - Nathan Horton wins face-off versus Sean Couturier in neutral zone.
17:47 of 3rd period - Nathan Horton is hit by Sean Couturier.
18:08 of 3rd period - Icing by Dion Phaneuf.
18:09 of 3rd period - Vinny Prospal wins face-off versus Alexander Killorn in BlackHawks zone.
18:20 of 3rd period - Shot by Nathan Horton.
18:20 of 3rd period - Stopped by Brian Elliott without a rebound.
18:21 of 3rd period - Antoine Vermette wins face-off versus Tyler Ennis in Rangers zone.
19:41 of 3rd period - Icing by Keith Aulie.
19:42 of 3rd period - David Legwand wins face-off versus Alexander Killorn in BlackHawks zone.
Goals for this period are 2 for Rangers vs 2 for BlackHawks.
Shots for this period are 6 for Rangers vs 14 for BlackHawks.


Output by the SimonT Hockey Simulator (STHS) for Stephane Roy -- Original Page W3C XHTML 1.0 Valid
Hockey Simulator - Hockey Simulation - Hockey Manager